 Dungeon Crawl Stone Soup version 0.28.0-53-g5a82cb258f (console) character file.

Game seed: 16455484891756050908

4245 Faeu the Fighter (level 10, -6/91 HPs)
             Began as a Minotaur Berserker on May 24, 2022.
             Was an Elder of Trog.
             Killed from afar by an acid dragon (30 damage)
             ... with a splash of acid
             ... on level 10 of the Dungeon.
             The game lasted 00:19:15 (7410 turns).

Faeu the Fighter (Minotaur Berserker)               Turns: 7410, Time: 00:19:16

Health: -6/91      AC: 14    Str: 26    XL:     10   Next: 9%
Magic:  9/9        EV: 11    Int:  4    God:    Trog [****..]
Gold:   405        SH:  0    Dex: 10    Spells: 9/9 levels left

rFire   . . .      SeeInvis .   L - +1 spear (flame) {polearm}
rCold   . . .      Faith    .   (no shield)
rNeg    . . .      Spirit   .   I - +0 chain mail
rPois   .          Reflect  .   (helmet restricted)
rElec   .          Harm     .   c - +0 cloak
rCorr   .          Rampage  .   (no gloves)
Will    +....                   M - +0 pair of boots
Stlth   ..........              (no amulet)
HPRegen 0.25/turn               s - +4 ring of protection
MPRegen 0.11/turn               C - ring of willpower

@: corroded
A: horns 2, retaliatory headbutt
a: Renounce Religion, Berserk, Trog's Hand, Brothers in Arms


You were on level 10 of the Dungeon.
You worshipped Trog.
Trog was greatly pleased with you.
You visited 1 branch of the dungeon, and saw 10 of its levels.
You also visited: Sewer.

You collected 405 gold pieces.


Innate Abilities, Weirdness & Mutations

You have a pair of horns on your head.
You reflexively headbutt those who attack you in melee.


   Skills:
 + Level 9.6 Fighting
 + Level 9.5 Axes
 + Level 9.1 Armour
 + Level 8.3 Dodging


You had 9 spell levels left.
You didn't know any spells.
Your spell library contained the following spells:

 Spells                   Type           Power      Damage    Failure   Level
 Sandblast                Erth           0%         2d4       95%         1
 Blink                    Tloc           0%         N/A       99%         2
 Passwall                 Tmut/Erth      0%         N/A       99%         2
 Scorch                   Fire           0%         2d5       99%         2
 Ozocubu's Armour         Ice            0%         N/A       100%        3
 Stone Arrow              Conj/Erth      0%         3d7       100%        3
 Flame Wave               Conj/Fire      0%         2d4       100%        4
 Manifold Assault         Tloc           0%         N/A       100%        5
 Metabolic Englaciation   Hex/Ice        0%         N/A       100%        5
 Simulacrum               Ice/Necr       0%         N/A       100%        6
 Summon Cactus Giant      Summ           0%         N/A       100%        6
 Storm Form               Tmut/Air       0%         N/A       100%        7

Inventory:

Hand Weapons
 a - a +0 hand axe {axe}
 m - a +2 flail of draining {mace}
   (You took it off an orc on level 3 of the Dungeon)
 n - a +0 dagger of venom {short}
   (You took it off an orc priest on level 3 of the Dungeon)
 L - a +1 spear of flaming (weapon) {polearm}
   (You found it on level 8 of the Dungeon)
Missiles
 J - 6 poisoned darts (quivered) {throwing}
Armour
 b - a +0 animal skin
 c - a +0 cloak (worn)
   (You found it on level 1 of the Dungeon)
 i - the +1 plate armour of Guful {Str+5}
   (You found it on level 2 of the Dungeon)

   Str:       It affects your strength (+5).
 I - a +0 chain mail (worn)
   (You found it on level 7 of the Dungeon)
 M - a +0 pair of boots (worn)
   (You found it on level 8 of the Dungeon)
Jewellery
 q - a ring of magical power
   (You took it off a goblin on level 3 of the Dungeon)
 s - a +4 ring of protection (left hand)
   (You found it on level 3 of the Dungeon)
 x - an amulet of magic regeneration {@e2}
   (You took it off an orc on level 5 of the Dungeon)
 C - a ring of willpower (right hand)
   (You found it on level 6 of the Dungeon)
Wands
 K - a wand of paralysis (4)
   (You took it off an orc warrior on level 8 of the Dungeon)
Scrolls
 d - 5 scrolls of teleportation {@r4}
 g - 2 scrolls of holy word {unknown}
 j - 2 scrolls of blinking {!r}
 l - 2 scrolls of enchant armour {unknown}
 r - 3 scrolls of vulnerability {unknown}
 v - 3 scrolls of magic mapping {unknown}
 w - 3 scrolls of identify {unknown}
 y - a scroll of noise {unknown}
 B - 3 scrolls of enchant weapon {unknown}
 D - a scroll of fog {unknown}
 F - a scroll of immolation {unknown}
 N - a scroll of brand weapon {unknown}
Potions
 e - 7 potions of heal wounds {unknown}
 f - a potion of invisibility {unknown}
 h - 2 potions of lignification {unknown}
 k - 6 potions of mutation {unknown}
 o - 2 potions of attraction {unknown}
 p - 2 potions of might {unknown}
 t - 2 potions of ambrosia {unknown}
 u - 2 potions of resistance {unknown}
 z - 2 potions of magic {unknown}
 A - a potion of experience {unknown}
 E - a potion of brilliance {unknown}
 G - a potion of cancellation {unknown}
 H - 4 potions of haste {unknown}

Dungeon Overview and Level Annotations

Branches:
Dungeon (10/15)            Temple (0/1) D:5           Sewer (visited)
   Lair: D:8-11         Orc: D:9-12

Altars:
Cheibriados
Dithmenos
Hepliaklqana
Kikubaaqudgha
Makhleb
Nemelex Xobeh
Ru
Sif Muna
Vehumet
Yredelemnul

Shops:
D:3

(
........>.#
#..........
##........##
#........).#
#..........#
#.....$....#
#..........#
#...<@D....#
##........##
##......≈≈≈≈
#####≈≈≈≈≈≈
≈≈≈≈≈≈
≈≈≈≈≈≈ ≈≈≈##
≈###


You could see an acid dragon (catching breath).


Message History

You now have 405 gold pieces (gained 8).
r - 3 scrolls labelled DEJUSI KUXYT (gained 1)
Items here: ( ))).
No target in view!
Things that are here:
a +0 dagger {short}; a +0 dagger {short}; a +0 robe No target in view!
Items here: ( ))).
H - 4 orange potions (gained 2)
N - a scroll labelled USALOMNAGU No target in view!
Done exploring.
No target in view!
Done exploring.
No target in view!
Done exploring.
No target in view!
You see here 6 stones {throwing}.
You see here a +0 hand axe {axe}.
There is a stone staircase leading up here.
Things that are here:
a +0 robe; a +0 dagger {short} You see here a +0 hunting sling {sling}.
Things that are here:
20 arrows; a +0 shortbow {bow} Done exploring.
No target in view!
(D) Dungeon (T) Temple
Where to? (Enter - D:7, ? - help)
There is a stone staircase leading down here.
You climb downwards.
There is a stone staircase leading up here.
(D) Dungeon (T) Temple
Where to? (Enter - D:9, ? - help)
There is a stone staircase leading down here.
You climb downwards.
The acid dragon roars!
There is a stone staircase leading up here.
An acid dragon is nearby!
You puncture the acid dragon! You burn the acid dragon.
You closely miss the acid dragon. The acid dragon spits acid at you.
The splash of acid hits you! 😕 HP[-14]
You take 14 damage, and now have 77/91 hp.
You barely miss the acid dragon. You headbutt the acid dragon!
The acid dragon spits acid at you. The splash of acid hits you!!
The acid corrodes you! 😮 HP[-20]
You take 20 damage, and now have 57/91 hp.
MASSIVE DAMAGE!! (PAUSE)
You hit the acid dragon but do no damage.
Your headbutt misses the acid dragon. The acid dragon misses you.
The acid dragon claws you but does no damage.
You hit the acid dragon. You burn the acid dragon.
You headbutt the acid dragon. The acid dragon bites you!
The acid dragon claws you but does no damage. 😮 HP[-10]
You take 10 damage, and now have 47/91 hp.
You barely miss the acid dragon. Your headbutt misses the acid dragon.
You hit the acid dragon but do no damage.
The acid dragon bites you but does no damage.
The acid dragon barely misses you.
You completely miss the acid dragon. Your headbutt misses the acid dragon.
The acid dragon spits acid at you. The splash of acid misses you. 😮 HP[+1]
You hit the acid dragon but do no damage.
The acid dragon bites you.
* * * LOW HITPOINT WARNING * * *
The acid dragon claws you but does no damage. 😨 HP[-3]
You take 3 damage, and now have 45/91 hp.
You hit the acid dragon but do no damage.
Your headbutt misses the acid dragon. The acid dragon barely misses you.
The acid dragon claws you but does no damage.
You hit the acid dragon but do no damage.
You headbutt the acid dragon.
You hit the acid dragon but do no damage.
The acid dragon closely misses you. x2
You hit the acid dragon but do no damage.
Your headbutt misses the acid dragon. The acid dragon spits acid at you.
The splash of acid hits you!
* * * LOW HITPOINT WARNING * * *
😨 HP[-11]
You take 11 damage, and now have 34/91 hp.
You barely miss the acid dragon. The acid dragon bites you!
* * * LOW HITPOINT WARNING * * *
The acid dragon claws you but does no damage. 😨 HP[-10]
You take 10 damage, and now have 24/91 hp.
You hit the acid dragon but do no damage.
The acid dragon closely misses you.
The acid dragon claws you but does no damage.
You hit the acid dragon. You burn the acid dragon.
You headbutt the acid dragon, but do no damage.
The acid dragon spits acid at you. The splash of acid hits you!!
You die...

Skill      XL: |  1  2  3  4  5  6  7  8  9 |
---------------+----------------------------+-----
Fighting       | 4 5 6 8 9 |  9.6
Axes           | 4 5 6 7 9 |  9.5
Armour         | 3 4 6 7 9 |  9.1
Dodging        | 3 4 5 6 8 |  8.3

Action                   |  1- 3 |  4- 6 |  7- 9 | 10-12 || total
-------------------------+-------+-------+-------+-------++-------
Melee: Hand axe          |    70 |    57 |       |       ||   127
       Headbutt          |     8 |    21 |    41 |     9 ||    79
       Punch             |     1 |       |     2 |       ||     3
       Flail             |       |    68 |   283 |     5 ||   356
       Spear             |       |       |       |    32 ||    32
Invok: Berserk           |     1 |       |     5 |     1 ||     7
  Use: Scroll            |       |     1 |     1 |       ||     2
Armor: Animal skin       |    10 |     7 |       |       ||    17
       Plate armour      |       |    64 |   166 |       ||   230
       Chain mail        |       |       |    48 |    23 ||    71
Dodge: Dodged            |    42 |    65 |   155 |    14 ||   276

Levels and vault maps discovered:
D:1:      minmay_arrival_plants_in_alcoves, layout_loops_ring
D:2:      layout_basic
D:3:      layout_rooms, kennysheep_vampire_church,
          amethyst_overflow_temple_binary, serial_undead, serial_undead_a,
          serial_undead_f, serial_undead_f, serial_undead_d, serial_shops,
          nicolae_shop_bloodbath_and_beyond, basic_ecumenical_altar,
          st_stairs_11
D:4:      layout_loops_ring, mainiacjoe_overflow_small_starburst,
          kennysheep_mini_moat
D:5:      layout_basic, nicolae_dithmenos_through_a_glass_darkly,
          minmay_temple_entry_drinking_statues, portal_sewer_entry_c,
          minmay_misc_feat_room
D:6:      layout_loops_ring, mainiacjoe_overflow_tiny_flanked,
          mainiacjoe_overflow_catwalk_spiral,
          minmay_a_box_with_orc_wizards_in_it
D:7:      layout_cave_pools, grunt_ministairs_13, minmay_misc_feat_square
D:8:      layout_rooms
D:9:      layout_gridville, mainiacjoe_overflow_boulevard,
          nicolae_overflow_crystal_walls
D:10:     wander_river, layout_rooms, ashenzari_altar_1,
          mainiacjoe_overflow_paths, uniq_urug

Notes
Turn   | Place    | Note
-------+----------+-------------------------------------------
     0 | D:1      | Faeu the Minotaur Berserker began the quest for the Orb.
     0 | D:1      | Reached XP level 1. HP: 19/19 MP: 0/0
     0 | D:1      | magus.rc [v1.9.6]
   420 | D:1      | Reached XP level 2. HP: 18/27 MP: 1/1
   867 | D:2      | Reached skill level 4 in Fighting
   884 | D:2      | Reached skill level 4 in Axes
   920 | D:2      | Identified the +1 plate armour of Guful {Str+5}
  1019 | D:2      | Reached skill level 3 in Armour
  1057 | D:2      | Reached ** piety under Trog
  1058 | D:2      | Reached XP level 3. HP: 33/33 MP: 2/2
  1764 | D:3      | Found a sparkling altar of Nemelex Xobeh.
  1773 | D:3      | Found a basalt altar of Yredelemnul.
  1797 | D:3      | Reached skill level 3 in Dodging
  1798 | D:3      | Reached XP level 4. HP: 38/41 MP: 3/3
  2013 | D:3      | Found a faded altar of an unknown god.
  2198 | D:3      | You pick up a book of Geomancy {forbidden} and begin
                  | reading...
  2198 | D:3      | You add the spells Sandblast, Passwall and Stone Arrow to
                  | your library.
  2230 | D:3      | Reached XP level 5. HP: 37/47 MP: 4/4
  2417 | D:3      | Found Hihiocoi's Weapon Shoppe.
  2430 | D:3      | HP: 10/47 [iguana (11)]
  2704 | D:3      | Found an ancient bone altar of Kikubaaqudgha.
  2713 | D:3      | Reached skill level 4 in Armour
  2715 | D:3      | Reached skill level 5 in Fighting
  2715 | D:3      | Reached skill level 5 in Axes
  2779 | D:3      | Reached XP level 6. HP: 56/56 MP: 5/5
  2799 | D:3      | Reached skill level 4 in Dodging
  2895 | D:4      | You add the spells Blink, Manifold Assault and Storm Form
                  | to your library.
  3178 | D:4      | Found a radiant altar of Vehumet.
  3249 | D:4      | Found a sacrificial altar of Ru.
  3474 | D:5      | Entered Level 5 of the Dungeon
  3474 | D:5      | Found a shadowy altar of Dithmenos.
  3492 | D:5      | Reached *** piety under Trog
  3523 | D:5      | Reached XP level 7. HP: 59/62 MP: 6/6
  3598 | D:5      | Found a staircase to the Ecumenical Temple.
  3609 | D:5      | Reached skill level 5 in Armour
  3636 | D:5      | Reached skill level 6 in Fighting
  3698 | D:5      | Reached skill level 6 in Axes
  3705 | D:5      | Reached skill level 5 in Dodging
  3723 | D:5      | Reached skill level 6 in Armour
  3723 | D:5      | Reached XP level 8. HP: 42/71 MP: 7/7
  3834 | D:5      | Found a glowing drain.
  3972 | Sewer    | Entered a sewer
  4066 | Sewer    | Reached **** piety under Trog
  4185 | Sewer    | Reached skill level 7 in Fighting
  4185 | Sewer    | Found a viscous altar of Jiyva.
  4672 | D:6      | Reached skill level 7 in Axes
  4672 | D:6      | Reached skill level 6 in Dodging
  4818 | D:6      | You pick up a book of Winter {forbidden} and begin
                  | reading...
  4818 | D:6      | You add the spells Ozocubu's Armour, Metabolic Englaciation
                  | and Simulacrum to your library.
  4984 | D:6      | Found a shimmering blue altar of Sif Muna.
  5205 | D:6      | Reached skill level 7 in Armour
  5271 | D:6      | You pick up a book of Scorching {forbidden} and begin
                  | reading...
  5271 | D:6      | You add the spells Scorch, Flame Wave and Summon Cactus
                  | Giant to your library.
  5295 | D:6      | Found a hazy altar of Hepliaklqana.
  5318 | D:6      | Reached skill level 8 in Fighting
  5318 | D:6      | Reached XP level 9. HP: 58/81 MP: 8/8
  5352 | D:6      | Reached skill level 8 in Axes
  5356 | D:6      | Reached skill level 7 in Dodging
  5536 | D:6      | Found a snail-covered altar of Cheibriados.
  5736 | D:7      | Identified the -5 pair of gloves of Miodayph {Dex+4 SInv}
  5805 | D:8      | Reached skill level 8 in Armour
  5855 | D:8      | HP: 19/82 [poisoned by a kobold brigand (curare-tipped
                  | dart)]
  5860 | D:9      | HP: 11/82 [poisoned by a kobold brigand (curare-tipped
                  | dart)]
  6252 | D:9      | Found a burning altar of Makhleb.
  6327 | D:9      | Reached skill level 9 in Fighting
  6620 | D:8      | Reached skill level 9 in Axes
  6628 | D:8      | Reached skill level 8 in Dodging
  6688 | D:8      | Paralysed by an orc warrior for 4 turns
  6699 | D:8      | Reached skill level 9 in Armour
  6699 | D:8      | Reached XP level 10. HP: 54/91 MP: 9/9
  7393 | D:10     | Entered Level 10 of the Dungeon
  7410 | D:10     | Killed from afar by an acid dragon

Vanquished Creatures
  6 yaks (D:8)
  A steam dragon (D:8)
  2 vampire mosquitoes (D:6)
  A water moccasin (D:7)
  An orc warrior (D:8)
  2 sky beasts
  2 ice beasts
  3 ogres
  2 centaurs (D:8)
  2 kobold brigands
  A wyvern zombie (D:6)
  A gnoll sergeant (D:5)
  A scorpion (D:5)
  A wyvern skeleton (D:5)
  A water moccasin skeleton (D:4)
  3 killer bees (D:9)
  5 wights (D:8)
  2 vampire bats (D:3)
  3 howler monkeys (D:5)
  5 centaur zombies
  5 jellies
  A hound (D:5)
  2 orc priests (D:3)
  A gnoll shaman (D:6)
  2 iguanas
  8 orc wizards
  A scorpion zombie (D:3)
  A killer bee zombie (D:7)
  3 hound skeletons
  8 gnolls
  6 adders
  3 river rats
  An adder skeleton (D:3)
  A worm (D:2)
  22 orcs
  5 bat zombies (D:3)
  15 endoplasms
  8 giant cockroaches
  6 goblins
  8 hobgoblins
  3 jackals (D:1)
  2 quokkas
  10 ball pythons
  A ball python zombie (D:3)
  A bat (D:3)
  9 frilled lizards
  A jackal skeleton (D:4)
  13 kobolds
  2 quokka zombies (D:3)
  6 rats
200 creatures vanquished.

Vanquished Creatures (others)
  An orc wizard (D:8)
  3 plants (D:1)
  A withered plant (D:3)
5 creatures vanquished.

Grand Total: 205 creatures vanquished

Table legend:
 A = Non-vault XP
 B = Vault XP
 C = Vault XP percentage of total XP
 D = Non-vault monster count
 E = Vault monster count
 F = Vault count percentage of total count
                 A         B        C        D         E       F
            +---------+---------+-------+---------+---------+-------
      Total |    5470 |     595 |   9.8 |     144 |      57 |  28.4
            +---------+---------+-------+---------+---------+-------
        D:1 |      25 |       0 |   0.0 |      16 |       0 |   0.0
        D:2 |      16 |       0 |   0.0 |       9 |       0 |   0.0
        D:3 |     173 |     209 |  54.7 |      18 |      17 |  48.6
        D:4 |     143 |       0 |   0.0 |      13 |       0 |   0.0
        D:5 |     988 |      20 |   2.0 |      27 |       6 |  18.2
        D:6 |    1225 |     145 |  10.6 |      24 |       4 |  14.3
        D:7 |     176 |       0 |   0.0 |       2 |       0 |   0.0
        D:8 |    2534 |       0 |   0.0 |      32 |       0 |   0.0
        D:9 |     190 |       0 |   0.0 |       3 |       0 |   0.0
      Sewer |       0 |     221 | 100.0 |       0 |      30 | 100.0
            +---------+---------+-------+---------+---------+-------

Illustrated notes

Table legend:
 A = Kills in this place as a percentage of kills in entire the game.
 B = Kills by you in this place as a percentage of kills by you in the entire game.
 C = Kills by friends in this place as a percentage of kills by friends in the entire game.
 D = Other kills in this place as a percentage of other kills in the entire game.
 E = Experience gained in this place as a percentage of experience gained in the entire game.
 F = Experience gained in this place divided by the number of levels of this place that you have seen.
                   A       B       C       D       E      F
               +-------+-------+-------+-------+-------+----------------------
         Total | 100.0 | 100.0 |   N/A | 100.0 | 100.0 | 551.4
       Dungeon |  85.1 |  85.0 |   N/A | 100.0 |  96.4 | 584.4
         Sewer |  14.9 |  15.0 |   N/A |   0.0 |   3.6 | 221.0
               +-------+-------+-------+-------+-------+----------------------

Table legend: (Time is in decaauts)
 A = Elapsed time spent in this place.
 B = Non-inter-level travel time spent in this place.
 C = Inter-level travel time spent in this place.
 D = Time resting spent in this place.
 E = Time spent auto-exploring this place.
 F = Levels seen in this place.
 G = Mean time per level.
                   A        B        C        D        E       F      G
               +--------+--------+--------+--------+--------+-----+--------+
         Total |   7580 |   7437 |    143 |   1218 |   4024 |  11 |  689.1 |
       Dungeon |   7253 |   7110 |    143 |   1218 |   3891 |  10 |  725.3 |
         Sewer |    327 |    327 |      0 |      0 |    133 |   1 |  327.0 |
               +--------+--------+--------+--------+--------+-----+--------+

Top non-repeatable levels by time:
     D:8: 1146 daAuts
     D:2: 1098 daAuts
     D:6: 1062 daAuts
     D:3: 1016 daAuts
     D:5: 938 daAuts
     D:1: 792 daAuts
     D:4: 597 daAuts
     D:9: 511 daAuts
   Sewer: 327 daAuts
     D:7: 76 daAuts
    D:10: 13 daAuts
